 Dungeon Sprint DCSS version 0.30-a0-125-g51eefa89be (webtiles) character file.

Game seed: 16854253902672039742

28424 mhtbhm the Metallomancer (level 13, -20/79 HPs)
             Began as a Gargoyle Earth Elementalist on Sept 18, 2022.
             Was the Champion of Vehumet.
             Demolished by an azure jelly (21 damage)
             ... in the Dungeon (Sprint III: "The Ten Rune Challenge").
             The game lasted 00:20:44 (5999 turns).

mhtbhm the Metallomancer (GrEE)                     Turns: 5999, Time: 00:20:45

Health: -20/79     AC: 19    Str: 11    XL:     13   Next: 38%
Magic:  5/36       EV: 12    Int: 22    God:    Vehumet [******]
Gold:   3062       SH:  0    Dex: 10    Spells: 6/51 levels left

rFire   + + .      SeeInvis .    j - +2 quarterstaff (chaos)
rCold   . . .      Faith    .    (shield currently unavailable)
rNeg    + + .      Spirit   .    a - +3 troll leather armour {Snorg}
rPois   ∞          Reflect  .    (no helmet)
rElec   +          Harm     .    e - +0 cloak {Will+}
rCorr   .          Rampage  +    (no gloves)
Will    +....      NoTele   +    z - +0 pair of boots {rampage}
Stlth   +++.......               y - amulet of Lies {-Tele Fly rF+ rN+ Regen+}
HPRegen 1.83/turn                v - ring of protection from fire
MPRegen 0.25/turn                (no ring)

@: flying
A: sickness immunity, AC +9, negative energy resistance 1, electricity
resistance, torment resistance 1, petrification resistance, claws 1, robust 1
a: Renounce Religion


You were in the Dungeon.
You worshipped Vehumet.
Vehumet was exalted by your worship.
You visited 1 branch You collected 3223 gold pieces.
You spent 161 gold pieces at shops.

Inventory:

Hand Weapons
 j - a +2 quarterstaff of chaos (weapon)
Missiles
 i - a silver boomerang
 k - 5 atropa-tipped darts (quivered)
 t - 5 datura-tipped darts
 u - 4 javelins
Armour
 a - a +3 troll leather armour (worn) {Snorg}
 e - a +0 cloak of willpower (worn)
 z - a +0 pair of boots of rampaging (worn)
Jewellery
 v - a ring of protection from fire (left claw)
 x - the amulet of the Grinning Ancients {Faith Harm +Blink rPois Str-3}
   (You found it in the Dungeon)

   [amulet of faith]

   It allows you to gain divine favour quickly.
   Str:       It affects your strength (-3).
   rPois:     It protects you from poison.
   +Blink:    It lets you blink.
   Harm:      It increases damage dealt and taken.
 y - the amulet of Lies (around neck) {-Tele Fly rF+ rN+ Regen+}
   (You found it in the Dungeon)

   [amulet of regeneration]

   rF:        It protects you from fire.
   rN:        It protects you from negative energy.
   Fly:       It grants you flight.
   -Tele:     It prevents most forms of teleportation.
   Regen:     It increases your rate of health regeneration.
Wands
 q - a wand of charming (11)
Scrolls
 g - a scroll of blinking
 h - 2 scrolls of amnesia
 l - a scroll of identify {unknown}
 n - a scroll of poison {unknown}
 o - a scroll of vulnerability {unknown}
 w - 2 scrolls of silence {unknown}
Potions
 b - a potion of magic
 c - 2 potions of curing
 d - 2 potions of heal wounds
 f - a potion of berserk rage
 m - a potion of flight
 p - 4 potions of mutation
 r - a potion of might
 A - a potion of ambrosia {unknown}
Miscellaneous
 s - a piece from Xom's chessboard (15/15)


   Skills:
 + Level 4.8 Fighting
 + Level 2.8 Throwing
 + Level 5.1 Armour
 + Level 5.2 Dodging
 + Level 6.8 Stealth
 + Level 19.8 Spellcasting
 + Level 15.0 Conjurations
 + Level 1.9 Summonings
 + Level 3.2 Transmutations
 + Level 3.1 Ice Magic
 + Level 2.5 Air Magic
 + Level 23.8 Earth Magic
 + Level 3.0 Evocations


You had 6 spell levels left.
You knew the following spells:

 Your Spells              Type           Power      Damage    Failure   Level
a - Sandblast             Erth           100%       2d20      0%          1
b - Passwall              Tmut/Erth      57%        N/A       0%          2
c - Stone Arrow           Conj/Erth      100%       3d13      0%          3
d - Petrify               Tmut/Erth      69%        N/A       1%          4
e - Freezing Cloud        Conj/Ice/Air   25%        6-21      1%          5
f - Iron Shot             Conj/Erth      41%        9d8       1%          6
g - Spellforged Servitor  Conj/Summ      28%        N/A       19%         7
h - Lehudib's Crystal Sp  Conj/Erth      41%        10d10     1%          8
i - Shatter               Erth           45%        3d35*     4%          9

Your spell library contained the following spells:

 Spells                   Type           Power      Damage    Failure   Level
 Ignition                 Fire           10%        3d5       100%        8
 Maxwell's Capacitive Co  Air            16%        ∞         100%        8
 Static Discharge         Conj/Air       100%       2-7/arc   1%          2
 Animate Armour           Summ/Erth      100%       N/A       1%          4
 Fulminant Prism          Conj/Hex       26%        3d14      1%          4
 Hailstorm                Conj/Ice       58%        3d13      1%          4
 Irradiate                Conj/Tmut      29%        3d21      1%          5
 Airstrike                Air            16%        2d(3-19)  2%          4
 Conjure Ball Lightning   Conj/Air       28%        3x3d8     3%          6
 Lesser Beckoning         Tloc           21%        N/A       9%          3
 Tukima's Dance           Hex            21%        N/A       9%          3
 Yara's Violent Unravell  Hex/Tmut       14%        3d7       11%         5
 Blade Hands              Tmut           18%        N/A       21%         5
 Passage of Golubria      Tloc           21%        N/A       28%         4
 Malign Gateway           Summ/Tloc      13%        N/A       100%        7


Dungeon Overview and Level Annotations

Branches:
Dungeon (1/1)

Altars:
Cheibriados
Dithmenos
Elyvilon
Fedhas
Gozag
Hepliaklqana
Kikubaaqudgha
Makhleb
Nemelex Xobeh
Okawaru
Qazlal
Ru
Sif Muna
Trog
Uskayaw
Vehumet
Wu Jian
Xom
Yredelemnul
Zin
The Shining One
Jiyva
Lugonu

Shops:
D [

Annotations:
D Donald, Frances, Gastronok


Innate Abilities, Weirdness & Mutations

You are immune to sickness and miasma.
Your stone body is resilient. (AC +9)
You are immune to poison.
You resist negative energy. (rN+)
You are resistant to electric shocks. (rElec)
You are resistant to unholy torment.
You are immune to petrification.
You have sharp fingernails.
You are robust. (+10% HP)


Message History

The azure jelly is heavily wounded.
The azure jelly is almost dead.
The azure jelly is heavily wounded.
You kill the swamp drake!
Vehumet accepts your kill.
The swamp dragon is moderately wounded.
The dire elephant is severely wounded.
You kill the elephant!
Vehumet accepts your kill.
You feel your power returning.
Gastronok is severely wounded.
The dire elephant is severely wounded.
Ka-crash!
You hear a deafening roar! x2; You hear a roar! x2
The azure jelly hits you but does no damage. x3
The azure jelly hits you.
Your Conjurations skill increases to level 15!
Unknown command.
Unknown command.
The azure jelly hits you but does no damage. x2
The azure jelly completely misses you. The azure jelly closely misses you.
The azure jelly barely misses you.
The azure jelly hits you but does no damage. x3
You hear a crashing sound.
The azure jelly attacks as you move away!
The azure jelly hits you but does no damage.
The azure jelly hits you.
* * * LOW HITPOINT WARNING * * *
The azure jelly freezes you!
* * * LOW HITPOINT WARNING * * *
The azure jelly hits you but does no damage. x2
The azure jelly attacks as you move away!
The azure jelly hits you but does no damage.
The azure jelly closely misses you. The azure jelly hits you.
* * * LOW HITPOINT WARNING * * *
The azure jelly hits you.
* * * LOW HITPOINT WARNING * * *
The azure jelly attacks as you move away!
The azure jelly closely misses you. The azure jelly hits you.
* * * LOW HITPOINT WARNING * * *
The azure jelly freezes you!!
You die...

▓.....#.~~~.......#'###__#..
▓'#####...........#.).#__#..
▓.................#___#__'..
▓▓▓▓▓▓▓▓▓▓▓▓▓▓▓▓▓▓▓▓▓▓▓▓▓▓▓▓
..≈≈~≈~≈~.~♣......♣♣♣♣~~
..~~.§§§.~~...≈≈≈≈'♣♣'♣≈
.#≈~~§§.~~~~......#.~♣♣♣
..~≈§§§§§..♣♣♣♣♣♣♣#..♣♣
=.≈Y§Y§@.≈~♣ ♣ ###'♣♣
▓##...#..JJJ.#...♣ ♣♣♣♣.##
▓...†w...)......♣♣ ♣...##.
▓#+............#.. ♣♣.##.#
....~.....†.D÷†.. ♣..#.# ▓.
..~~†........## ♣♣.##. ▓
...~~~........... ♣♣.##.
...~~~~.......... ♣.....
##.#...#........# ######


You could see Gastronok, 2 dire elephants, 3 azure jellies and a swamp dragon.

Vanquished Creatures
  Rupert (D)
  A deep elf blademaster (D)
  An azure jelly (D)
  A deep elf demonologist (D)
  3 deep elf annihilators (D)
  Snorg (D)
  2 deep elf high priests (D)
  2 hydras (D)
  A centaur warrior (D)
  4 death yaks (D)
  Urug (D)
  2 orc high priests (D)
  A deep elf knight (D)
  A death drake (D)
  A lindwurm (D)
  A spriggan druid (D)
  3 deep elf pyromancers (D)
  2 deep elf zephyrmancers (D)
  An orc knight (D)
  2 elephants (D)
  2 black mambas (D)
  A cane toad (D)
  An unseen horror (D)
  A rime drake (D)
  3 wandering mushrooms (D)
  A queen bee (D)
  2 tyrant leeches (D)
  8 blink frogs (D)
  A snapping turtle (D)
  2 spriggans (D)
  A shadow (D)
  3 redbacks (D)
  A spatial vortex (D)
  2 swamp drakes (D)
  An orc warrior (D)
  2 centaurs (D)
  An earth elemental (D)
  A water elemental (D)
  A necrophage (D)
  32 killer bees (D)
  An electric eel (D)
  A jelly (D)
  Crazy Yiuf (D)
  Jessica (D)
  3 orc wizards (D)
  A necromancer (D)
  A wizard (D)
  3 humans (D)
  A kobold demonologist (D)
  11 orcs (D)
  An endoplasm (D)
  2 rats (D)
  2 tentacles (D)
128 creatures vanquished.

Vanquished Creatures (collateral kills)
  A kraken (D)
  A komodo dragon (D)
  A snapping turtle (D)
3 creatures vanquished.

Vanquished Creatures (others)
  A cane toad (D)
  2 fungi (D)
  14 plants (D)
  16 tentacles (D)
33 creatures vanquished.

Grand Total: 164 creatures vanquished

Notes
Turn   | Place    | Note
-------+----------+-------------------------------------------
     0 | D        | mhtbhm the Gargoyle Earth Elementalist began the quest for
                  | the Orb.
     0 | D        | Reached XP level 1. HP: 10/10 MP: 3/3
     3 | D        | Reached skill level 4 in Earth Magic
    43 | D        | Noticed Jessica
    46 | D        | Killed Jessica
    47 | D        | Reached skill level 6 in Earth Magic
    47 | D        | Reached XP level 2. HP: 15/15 MP: 0/6
    47 | D        | Reached XP level 3. HP: 19/19 MP: 0/8
   118 | D        | Learned a level 2 spell: Passwall
   122 | D        | Learned a level 3 spell: Stone Arrow
   145 | D        | Reached skill level 7 in Earth Magic
   200 | D        | Noticed Crazy Yiuf
   202 | D        | Killed Crazy Yiuf
   203 | D        | Reached XP level 4. HP: 24/24 MP: 8/10
   238 | D        | Gained mutation: You have sharp fingernails. [potion of
                  | mutation]
   238 | D        | Gained mutation: You are robust. (+10% HP) [potion of
                  | mutation]
   273 | D        | Learned a level 4 spell: Petrify
   278 | D        | Noticed a water elemental
   283 | D        | Killed a water elemental
   284 | D        | Reached skill level 5 in Spellcasting
   284 | D        | Reached skill level 9 in Earth Magic
   284 | D        | Reached XP level 5. HP: 5/30 MP: 5/12
   535 | D        | Found a radiant altar of Vehumet.
   535 | D        | Found a shimmering blue altar of Sif Muna.
   535 | D        | Found an ancient bone altar of Kikubaaqudgha.
   539 | D        | Reached skill level 10 in Earth Magic
   546 | D        | Became a worshipper of Vehumet
   569 | D        | Found a basalt altar of Yredelemnul.
   569 | D        | Found a shadowy altar of Dithmenos.
   569 | D        | Found a sacrificial altar of Ru.
   572 | D        | Reached XP level 6. HP: 36/36 MP: 11/15
   573 | D        | Reached skill level 11 in Earth Magic
   642 | D        | Found a glowing silver altar of Zin.
   642 | D        | Found a glowing golden altar of the Shining One.
   642 | D        | Found a white marble altar of Elyvilon.
   642 | D        | Noticed a deep elf pyromancer
   644 | D        | Noticed a fire elemental
   644 | D        | Noticed a fire elemental
   645 | D        | Killed a deep elf pyromancer
   645 | D        | Reached * piety under Vehumet
   645 | D        | Offered knowledge of Foxfire by Vehumet.
   646 | D        | Reached skill level 1 in Fighting
   646 | D        | Reached skill level 5 in Stealth
   646 | D        | Reached skill level 1 in Conjurations
   646 | D        | Reached skill level 14 in Earth Magic
   646 | D        | Reached XP level 7. HP: 42/42 MP: 8/20
   719 | D        | Found a hide-covered altar of Uskayaw.
   719 | D        | Found an iron altar of Okawaru.
   719 | D        | Found a bloodstained altar of Trog.
   719 | D        | Found an ornate altar of the Wu Jian Council.
   719 | D        | Noticed a human
   719 | D        | Noticed a human
   721 | D        | Killed a human
   722 | D        | Reached XP level 8. HP: 48/48 MP: 16/21
   727 | D        | Reached skill level 10 in Spellcasting
   884 | D        | Reached ** piety under Vehumet
   884 | D        | Offered knowledge of Poisonous Vapours by Vehumet.
   927 | D        | Noticed a shadow
   928 | D        | Killed a shadow
   929 | D        | Reached skill level 15 in Earth Magic
   965 | D        | Found a blossoming altar of Fedhas.
   965 | D        | Found a stormy altar of Qazlal.
   965 | D        | Found a snail-covered altar of Cheibriados.
   965 | D        | Found a burning altar of Makhleb.
   965 | D        | Found a shimmering altar of Xom.
   966 | D        | Found a hazy altar of Hepliaklqana.
   966 | D        | Found an opulent altar of Gozag.
   966 | D        | Found a sparkling altar of Nemelex Xobeh.
   966 | D        | Found a corrupted altar of Lugonu.
   966 | D        | Found a viscous altar of Jiyva.
   992 | D        | Noticed Snorg
  1048 | D        | Killed Snorg
  1049 | D        | Reached skill level 1 in Transmutations
  1049 | D        | Reached skill level 16 in Earth Magic
  1049 | D        | Reached XP level 9. HP: 53/53 MP: 19/24
  1124 | D        | Offered knowledge of Frozen Ramparts by Vehumet.
  1124 | D        | Reached *** piety under Vehumet
  1175 | D        | Noticed a centaur warrior
  1186 | D        | Killed a centaur warrior
  1187 | D        | Reached skill level 1 in Armour
  1187 | D        | Reached skill level 5 in Conjurations
  1187 | D        | Reached skill level 17 in Earth Magic
  1407 | D        | Killed an unseen horror
  1407 | D        | Offered knowledge of Kindle Blastsparks by Vehumet.
  1407 | D        | Reached **** piety under Vehumet
  1424 | D        | Noticed a wandering mushroom
  1428 | D        | Noticed a wandering mushroom
  1431 | D        | Killed a wandering mushroom
  1433 | D        | Noticed a wandering mushroom
  1438 | D        | Killed a wandering mushroom
  1439 | D        | Reached XP level 10. HP: 61/61 MP: 14/27
  1598 | D        | Noticed a cane toad
  1598 | D        | Noticed a cane toad
  1607 | D        | Offered knowledge of Freezing Cloud by Vehumet.
  1608 | D        | Reached skill level 18 in Earth Magic
  1609 | D        | Killed a cane toad
  1635 | D        | Learned a level 5 spell: Freezing Cloud
  1654 | D        | Reached ***** piety under Vehumet
  1654 | D        | Offered knowledge of Irradiate by Vehumet.
  1768 | D        | Noticed a lindwurm
  1772 | D        | Killed a lindwurm
  1773 | D        | Reached skill level 1 in Evocations
  1938 | D        | Reached skill level 19 in Earth Magic
  1938 | D        | Offered knowledge of Lightning Bolt by Vehumet.
  2018 | D        | Reached XP level 11. HP: 62/66 MP: 29/29
  2082 | D        | Noticed an orc high priest
  2083 | D        | Noticed an orc high priest
  2090 | D        | Killed an orc high priest
  2090 | D        | Offered knowledge of Iron Shot by Vehumet.
  2091 | D        | Reached skill level 15 in Spellcasting
  2091 | D        | Killed an orc high priest
  2092 | D        | Reached skill level 10 in Conjurations
  2116 | D        | Noticed an orc knight
  2122 | D        | Killed an orc knight
  2130 | D        | Reached ****** piety under Vehumet
  2235 | D        | Found Nushacoq's Armour Shop.
  2335 | D        | Bought a +0 cloak of willpower for 161 gold pieces
  2354 | D        | Learned a level 6 spell: Iron Shot
  2392 | D        | Noticed Donald
  2392 | D        | Noticed Frances
  2435 | D        | Offered knowledge of Eringya's Noxious Bog by Vehumet.
  2435 | D        | Noticed Urug
  2453 | D        | Killed Urug
  2454 | D        | Reached skill level 20 in Earth Magic
  2585 | D        | Noticed a five-headed hydra
  2585 | D        | Noticed an eight-headed hydra
  2592 | D        | Killed an eight-headed hydra
  2595 | D        | Killed a five-headed hydra
  2704 | D        | Noticed a death drake
  2707 | D        | Killed a death drake
  2776 | D        | Found a blossoming altar of Fedhas.
  2776 | D        | Noticed a spriggan druid
  2779 | D        | Killed a spriggan druid
  2779 | D        | Offered knowledge of Spellforged Servitor by Vehumet.
  2879 | D        | Learned a level 7 spell: Spellforged Servitor
  2963 | D        | Noticed a deep elf pyromancer
  2963 | D        | Noticed a deep elf pyromancer
  2963 | D        | Noticed a deep elf zephyrmancer
  2963 | D        | Noticed a deep elf zephyrmancer
  2963 | D        | Noticed a deep elf knight
  2977 | D        | Killed a deep elf knight
  2978 | D        | Reached skill level 21 in Earth Magic
  2979 | D        | Killed a deep elf zephyrmancer
  2981 | D        | Killed a deep elf zephyrmancer
  2982 | D        | Reached skill level 5 in Dodging
  2982 | D        | Reached XP level 12. HP: 72/72 MP: 11/32
  3176 | D        | Noticed a deep elf annihilator
  3180 | D        | Killed a deep elf annihilator
  3193 | D        | Noticed a deep elf blademaster
  3199 | D        | Noticed a deep elf annihilator
  3201 | D        | Identified the +8 plate armour of the Morning Star {rN+++}
  3201 | D        | Noticed a deep elf high priest
  3201 | D        | Noticed a deep elf annihilator
  3203 | D        | Noticed a deep elf demonologist
  3204 | D        | Killed a deep elf annihilator
  3204 | D        | Offered knowledge of Orb of Destruction by Vehumet.
  3389 | D        | Noticed a deep elf high priest
  3569 | D        | Killed a deep elf demonologist
  3570 | D        | Reached skill level 1 in Ice Magic
  3691 | D        | Killed a deep elf high priest
  3692 | D        | Reached skill level 22 in Earth Magic
  3763 | D        | Killed a deep elf high priest
  3990 | D        | Killed a deep elf annihilator
  4287 | D        | Killed a deep elf blademaster
  4288 | D        | Reached skill level 1 in Throwing
  4288 | D        | Reached skill level 1 in Air Magic
  4339 | D        | Got the Spellbook of the Barrage
  4341 | D        | Identified the amulet of the Grinning Ancients {Faith Harm
                  | +Blink rPois Str-3}
  4341 | D        | Identified the amulet of Lies {-Tele Fly rF+ rN+ Regen+}
  4344 | D        | Identified the +8 arbalest of Edemo {elec, rElec MP+9
                  | Str+4}
  4347 | D        | Got Asoup's Volume of Stormy Transposition
  4508 | D        | Noticed a kraken
  4571 | D        | Noticed Rupert
  4578 | D        | Killed Rupert
  4579 | D        | Reached skill level 1 in Summonings
  4797 | D        | Offered knowledge of Lehudib's Crystal Spear by Vehumet.
  4951 | D        | Learned a level 8 spell: Lehudib's Crystal Spear
  5340 | D        | Killed a kraken
  5341 | D        | Reached skill level 23 in Earth Magic
  5341 | D        | Reached XP level 13. HP: 70/78 MP: 0/35
  5351 | D        | Offered knowledge of Shatter by Vehumet.
  5351 | D        | Offered knowledge of Ignition by Vehumet.
  5351 | D        | Offered knowledge of Maxwell's Capacitive Coupling by
                  | Vehumet.
  5362 | D        | Learned a level 9 spell: Shatter
  5750 | D        | Reached skill level 5 in Armour
  5977 | D        | Noticed an azure jelly
  5977 | D        | Noticed an azure jelly
  5980 | D        | Noticed a dire elephant
  5980 | D        | Noticed an azure jelly
  5993 | D        | Noticed an azure jelly
  5994 | D        | Noticed a dire elephant
  5995 | D        | Noticed Gastronok
  5996 | D        | Killed an azure jelly
  5997 | D        | Reached skill level 15 in Conjurations
  5999 | D        | HP: 3/79 [azure jelly (1)]
  5999 | D        | HP: 1/79 [azure jelly (2)]
  5999 | D        | Demolished by an azure jelly

Illustrated notes

Levels and vault maps discovered:
D:        dungeon_sprint_mu [sprint_mu_entry_forest, sprint_mu_temple_rooms,
          sprint_mu_d1_horrors, sprint_mu_d2_genie, sprint_mu_d3_branching,
          sprint_mu_orc_legion, sprint_mu_elf_gauntlet, sprint_mu_hive_nellie,
          sprint_mu_lair_fedhas, sprint_mu_vaults_butterflies,
          sprint_mu_slime_circle, sprint_mu_swamp_cave, sprint_mu_shoals_kraken,
          sprint_mu_blade_basic, sprint_mu_crypt_fortress,
          sprint_mu_tomb_spiral, sprint_mu_vestibule_basic,
          sprint_mu_gehenna_hellfire, sprint_mu_dis_giant,
          sprint_mu_tartarus_statrot, sprint_mu_cocytus_islands, sprint_mu_zot1]

Skill      XL: |  1  2  3  4  5  6  7  8  9 10 11 12 13 |
---------------+----------------------------------------+-----
Earth Magic    | 6 7 9 10 14 16 17 19 21 23 | 23.8
Dodging        | 2 3 4 5 |  5.2
Spellcasting   | 3 4 5 6 9 11 13 14 16 18 19 | 19.8
Stealth        | 3 4 5 6 |  6.8
Fighting       | 1 2 3 4 |  4.8
Conjurations   | 1 3 6 9 11 14 15 | 15.0
Transmutations | 1 2 3 |  3.2
Armour         | 2 3 4 5 |  5.1
Evocations     | 1 2 3 |  3.0
Ice Magic      | 2 3 |  3.1
Throwing       | 2 |  2.8
Air Magic      | 2 |  2.5
Summonings     | 1 |  1.9

Action                   |  1- 3 |  4- 6 |  7- 9 | 10-12 | 13-15 || total
-------------------------+-------+-------+-------+-------+-------++-------
Melee: Quarterstaff      |       |       |       |     1 |       ||     1
Throw: Dart              |       |       |       |     8 |       ||     8
       Javelin           |       |       |       |     4 |       ||     4
 Cast: Sandblast         |    12 |    11 |    15 |    43 |    14 ||    95
       Stone Arrow       |       |     2 |    27 |    56 |     9 ||    94
       Petrify           |       |       |     2 |     1 |       ||     3
       Iron Shot         |       |       |       |    52 |     5 ||    57
       Passwall          |       |       |       |     6 |     1 ||     7
       Freezing Cloud    |       |       |       |    15 |     1 ||    16
       Lehudib's Crystal |       |       |       |     9 |     2 ||    11
       Spellforged Servi |       |       |       |     2 |     1 ||     3
       Shatter           |       |       |       |       |     5 ||     5
Evoke: Wand              |       |       |       |     3 |       ||     3
       Piece from Xom's  |       |       |       |     8 |       ||     8
  Use: Potion            |       |     1 |     2 |     3 |       ||     6
       Scroll            |       |       |       |     3 |       ||     3
 Stab: Sleeping          |       |       |       |     1 |       ||     1
Armor: Robe              |     2 |       |       |       |       ||     2
       Troll leather arm |       |       |     8 |    19 |    28 ||    55
Dodge: Dodged            |     1 |     3 |    15 |    17 |    14 ||    50

Table legend: (Time is in decaauts)
 A = Elapsed time spent in this place.
 B = Non-inter-level travel time spent in this place.
 C = Inter-level travel time spent in this place.
 D = Time resting spent in this place.
 E = Time spent auto-exploring this place.
 F = Levels seen in this place.
 G = Mean time per level.
                   A        B        C        D        E       F      G
               +--------+--------+--------+--------+--------+-----+--------+
         Total |   6070 |   5947 |    123 |   4093 |     67 |   1 | 6070.0 |
       Dungeon |   6070 |   5947 |    123 |   4093 |     67 |   1 | 6070.0 |
               +--------+--------+--------+--------+--------+-----+--------+

Top non-repeatable levels by time:
       D: 6070 daAuts
